 Dungeon Crawl Stone Soup version 0.24.0-13-gcf9b3192b9 (webtiles) character file.

Game seed: 11360585847896088683, levelgen mode: deterministic

59806 Linguinho the Thrower (level 14, -6/149 HPs)
             Began as a Troll Fighter on Nov 10, 2019.
             Was the Champion of the Shining One.
             Shot with an arrow by Nessos (11 damage)
             ... on level 5 of the Lair of Beasts.
             The game lasted 00:35:26 (17592 turns).

Linguinho the Thrower (Troll Fighter)              Turns: 17592, Time: 00:35:26

Health: -6/149     AC: 10    Str: 27    XL:     14   Next: 54%
Magic:  0/13       EV:  8    Int:  4    God:    the Shining One [******]
Gold:   1754       SH: 18    Dex: 13    Spells: 13/13 levels left

rFire    . . .     SeeInvis .     - Unarmed
rCold    . . .     Gourm    +   k - +0 large shield
rNeg     + + +     Faith    .   t - +0 steam dragon scales
rPois    +         Spirit   +   (helmet restricted)
rElec    .         Reflect  .   l - +0 cloak
rCorr    .         Harm     .   (gloves unavailable)
MR       +....                  (boots unavailable)
Stlth    +.........             F - amulet of guardian spirit
HPRegen  0.74/turn              r - ring of flight
MPRegen  0.13/turn              C - ring of poison resistance

@: lethally poisoned (-6 -> -7), glowing
A: large, unfitting armour, claws 3, fast metabolism 3, gourmand, regeneration
1, shaggy fur 1, tough skin 3
a: Divine Shield, Cleansing Flame, Summon Divine Warrior, Brand Weapon With Holy
Wrath, Renounce Religion, Evoke Flight


You were on level 5 of the Lair of Beasts.
You worshipped the Shining One.
The Shining One was exalted by your worship.
You were not hungry.

You visited 5 branches of the dungeon, and saw 22 of its levels.
You also visited: Ice Cave.

You collected 1799 gold pieces.
You spent 45 gold pieces at shops.

Inventory:

Hand Weapons
 H - a +2 spear of freezing
 J - the +3 hand axe of Optimality {freeze, rF+}
   (You found it on level 9 of the Dungeon)

   It has been specially enchanted to freeze those struck by it, causing extra
   injury to most foes and up to half again as much damage against particularly
   susceptible opponents.
   It can also slow down cold-blooded creatures.
   It protects you from fire.
Missiles
 p - 21 boomerangs
 D - 10 javelins
 G - 2 throwing nets
 M - 10 large rocks (quivered)
Armour
 a - a +1 robe of cold resistance
 k - a +0 large shield (worn)
 l - a +0 cloak (worn)
 t - +0 steam dragon scales (worn)
 P - a +1 robe of magic resistance
Jewellery
 r - a ring of flight (left claw)
 C - a ring of poison resistance (right claw)
 F - an amulet of guardian spirit (around neck)
Scrolls
 e - 3 scrolls of blinking
 i - 3 scrolls of enchant armour {unknown}
 n - 10 scrolls of teleportation
 o - 7 scrolls of remove curse
 s - 7 scrolls of magic mapping
 u - 2 scrolls of fog {unknown}
 v - 4 scrolls of enchant weapon
 x - 2 scrolls of fear {unknown}
 y - 2 scrolls of identify
 z - 2 scrolls of acquirement {unknown}
 B - 2 scrolls of silence {unknown}
 N - a scroll of torment {unknown}
 O - a scroll of immolation
Potions
 c - 4 potions of might
 f - a potion of resistance {unknown}
 g - 2 potions of agility
 h - 2 potions of lignification
 j - a potion of mutation
 m - a potion of cancellation
 q - a potion of magic {unknown}
 w - a potion of flight
 A - 5 potions of invisibility
 E - 2 potions of heal wounds
 I - 10 potions of curing
 L - a potion of berserk rage {unknown}
Comestibles
 d - 50 rations


   Skills:
 - Level 12.0 Fighting
 + Level 13.2 Throwing
 - Level 2.4 Dodging
 + Level 9.0 Shields
 + Level 12.8 Unarmed Combat


You had 13 spell levels left.
You didn't know any spells.
Your spell library contained the following spells:

 Spells                   Type           Power        Failure   Level  Hunger
 Magic Dart               Conj           #...         90%         1    ##.....
 Shock                    Conj/Air       #...         90%         1    ##.....
 Blink                    Tloc           N/A          97%         2    ###....
 Call Imp                 Summ           #.......     97%         2    ###....
 Searing Ray              Conj           #.....       97%         2    ###....
 Slow                     Hex            #.......     97%         2    ###....
 Swiftness                Chrm/Air       #.......     97%         2    ###....
 Conjure Flame            Conj/Fire      #.......     99%         3    ####...
 Dazzling Spray           Conj/Hex       #.....       99%         3    ####...
 Gell's Gravitas          Tloc           #.........   99%         3    ####...
 Mephitic Cloud           Conj/Pois/Air  #.......     99%         3    ####...
 Portal Projectile        Hex/Tloc       #.....       99%         3    ####...
 Static Discharge         Conj/Air       #.......     99%         3    ####...
 Airstrike                Air            #.........   100%        4    #####..
 Force Lance              Conj/Tloc      #.......     100%        4    #####..
 Fulminant Prism          Conj/Hex       #.........   100%        4    #####..
 Iskenderun's Mystic Bla  Conj           #.......     100%        4    #####..
 Lightning Bolt           Conj/Air       #.........   100%        5    ######.
 Dispersal                Tloc           #.........   100%        6    #######
 Controlled Blink         Tloc           N/A          100%        8    #######
 Disjunction              Tloc           #.........   100%        8    #######


Dungeon Overview and Level Annotations

Branches:
Dungeon (13/15)            Temple (1/1) D:6            Lair (5/6) D:8
 Shoals (0/4) Lair:4       Spider (1/4) Lair:4          Orc (2/2) D:9
    Elf (0/3) Orc:2         IceCv (visited)
  Slime: Lair:5-6    Vaults: D:13-14

Altars:
Cheibriados
Dithmenos
Gozag
Hepliaklqana
Kikubaaqudgha
Makhleb
Okawaru
Qazlal
Ru
Trog
Uskayaw
Vehumet
Wu Jian
Xom
Zin
The Shining One

Shops:
D:9 *   Orc:1 %   Orc:2 :(:}%

Annotations:
D:9 2 runed translucent doors
D:10 1 runed translucent door
Lair:5 Nessos; Thalamas's ghost, journeyman MiBe


Innate Abilities, Weirdness & Mutations

You are too large for most types of armour.
You have claws for hands.
Your metabolism is lightning-fast.
You like to eat raw meat.
Your natural rate of healing is unusually fast.
You are covered in fur. (AC +1)
You have extremely tough skin. (AC +3)


Message History

* * * LOW HITPOINT WARNING * * *
The arrow burns you.
* * * LOW HITPOINT WARNING * * *
You see here 2 arrows.
Nessos blinks!
Nessos blinks!
Nessos shoots an arrow.
You block the arrow.
Nessos shoots an arrow.
The arrow hits you!
* * * LOW HITPOINT WARNING * * *
The arrow burns you.
You are poisoned.
* * * LOW HITPOINT WARNING * * *
Thalamas's ghost yells, "Who would have thought, even in death it is a pleasure to sever!"
You see here 2 arrows.
You feel sick.
Nessos shoots an arrow.
The arrow hits you!!
* * * LOW HITPOINT WARNING * * *
The arrow burns you!
* * * LOW HITPOINT WARNING * * *
Nessos shoots an arrow.
The arrow hits you!
You die...

##....#P.####.............
##...##.###.P............
###...P.............#...##
##.................##.#.###
#.##...#....#P.....####.##P
####...............# #..#..
#.....##..P.#....###.....
##....####.##.[.>..#..##^#
#.P......@.##.....##..###.
#.........(W......##..#.#.
###.......................
#..............[.........
##............[...........
#.....#P#.##..(..ยง........
###..#######.......P..#.#.
##....#..##....c.##c..#.#
#........P##......#..##.#


You could see Nessos and Thalamas's ghost.

Vanquished Creatures
  The ghost of Curus the Cruncher, a journeyman DsGl of Makhleb (Lair:4)
  A fire dragon (D:12)
  A hydra (Lair:5)
  A centaur warrior (D:9)
  11 two-headed ogres
  4 death yaks (Lair:5)
  A tengu warrior (D:12)
  4 ogre magi
  2 orc high priests
  Sonja (Orc:1)
  2 unseen horrors (D:11)
  Pikel (D:4)
  An orc knight (D:9)
  A cyclops (D:12)
  4 manticores
  2 ugly things (IceCv)
  2 orc sorcerers
  A centaur zombie (D:11)
  2 black mambas
  14 elephants
  5 spiny frogs
  3 ice statues (IceCv)
  3 gargoyles
  2 rime drakes (Lair:1)
  5 komodo dragons
  2 hornets
  A jumping spider (Lair:4)
  A polar bear (Lair:5)
  Prince Ribbit (D:6)
  8 trolls
  15 blink frogs
  4 slime creatures (D:12)
  5 hippogriffs
  Sigmund (D:6)
  15 yaks
  3 wyverns
  2 hungry ghosts
  2 steam dragons
  A vampire mosquito (D:7)
  A warg (Orc:2)
  10 water moccasins
  2 soldier ants
  2 black bears
  3 porcupines
  A sky beast (D:7)
  9 ice beasts
  4 phantoms
  14 wolves
  34 ogres
  17 orc warriors
  A slave (D:4)
  A necrophage (D:9)
  12 centaurs
  A boggart (D:12)
  10 crocodiles
  4 big kobolds
  19 bullfrogs
  4 gnoll sergeants (D:9)
  A wyvern zombie (D:7)
  4 scorpions
  6 killer bees
  8 wights
  4 howler monkeys
  5 crimson imps
  A quasit (D:11)
  4 jellies
  2 centaur skeletons (D:9)
  4 hounds
  16 orc priests
  Crazy Yiuf (D:4)
  6 bullfrog skeletons
  19 orc wizards
  2 iguanas
  15 worker ants
  A hound zombie (D:7)
  A hound skeleton (D:6)
  A worker ant zombie (D:9)
  6 gnolls (D:9)
  9 adders
  5 shadow imps
  2 adder skeletons
  3 worms (D:3)
  7 leopard geckos
  76 orcs
  2 ball pythons
  3 giant cockroaches
  6 goblins
  8 hobgoblins
  6 jackals
  17 kobolds
  5 quokkas
  A ball python skeleton (D:4)
  6 bats
  3 frilled lizards
  A jackal skeleton (D:8)
  A jackal zombie (D:8)
  8 rats
  2 fungi (D:4)
  A plant (Lair:5)
564 creatures vanquished.

Vanquished Creatures (others)
  A worker ant (D:4)
  2 fungi (Lair:5)
  2 plants
5 creatures vanquished.

Grand Total: 569 creatures vanquished

Notes
Turn   | Place    | Note
-------+----------+-------------------------------------------
     0 | D:1      | Linguinho the Troll Fighter began the quest for the Orb.
     0 | D:1      | Reached XP level 1. HP: 22/22 MP: 0/0
   150 | D:1      | Reached XP level 2. HP: 29/29 MP: 1/1
   564 | D:2      | Reached XP level 3. HP: 36/36 MP: 2/2
   728 | D:2      | Reached XP level 4. HP: 35/44 MP: 3/3
  1600 | D:3      | Reached XP level 5. HP: 42/53 MP: 4/4
  1931 | D:4      | Noticed a slave
  1931 | D:4      | Noticed a slave
  1931 | D:4      | Noticed a slave
  1932 | D:4      | Noticed Pikel
  1933 | D:4      | Noticed a slave
  1942 | D:4      | Killed a slave
  1958 | D:4      | Killed Pikel
  1958 | D:4      | Reached skill level 5 in Unarmed Combat
  1958 | D:4      | Reached XP level 6. HP: 44/62 MP: 5/5
  1958 | D:4      | Reached XP level 7. HP: 49/68 MP: 6/6
  2298 | D:4      | Reached skill level 5 in Shields
  2385 | D:4      | Reached XP level 8. HP: 33/78 MP: 7/7
  2736 | D:4      | Found a runed translucent door.
  2737 | D:4      | Noticed Crazy Yiuf
  2745 | D:4      | Killed Crazy Yiuf
  2799 | D:5      | Entered Level 5 of the Dungeon
  3354 | D:6      | Noticed Sigmund
  3356 | D:6      | Noticed Prince Ribbit
  3390 | D:6      | Killed Sigmund
  3456 | D:6      | Killed Prince Ribbit
  3561 | D:6      | Found a staircase to the Ecumenical Temple.
  3585 | Temple   | Entered the Ecumenical Temple
  3608 | Temple   | Became a worshipper of the Shining One
  3704 | D:6      | Reached skill level 5 in Fighting
  3720 | D:6      | Reached XP level 9. HP: 78/88 MP: 8/8
  4032 | D:6      | Found a bloodstained altar of Trog.
  4265 | D:7      | Reached * piety under the Shining One
  4926 | D:8      | Reached XP level 10. HP: 41/98 MP: 9/9
  5153 | D:8      | Reached ** piety under the Shining One
  5327 | D:8      | Found a staircase to the Lair.
  5357 | D:9      | Found a large runed translucent door.
  5358 | D:9      | Found a large runed translucent door.
  5364 | D:9      | Found a large runed translucent door.
  5364 | D:9      | Found a large runed translucent door.
  5365 | D:9      | Noticed a manticore
  5515 | D:9      | Reached skill level 1 in Throwing
  5522 | D:9      | Reached skill level 10 in Unarmed Combat
  5636 | D:9      | Found a staircase to the Orcish Mines.
  5668 | D:9      | Reached skill level 2 in Throwing
  5821 | D:9      | Noticed a centaur warrior
  5829 | D:9      | Killed a centaur warrior
  5867 | D:9      | Reached skill level 3 in Throwing
  5867 | D:9      | Reached XP level 11. HP: 103/107 MP: 8/10
  6066 | D:9      | Found Sacotits's General Store.
  6069 | D:9      | Bought a scroll of identify for 30 gold pieces
  6069 | D:9      | Bought a scroll of noise for 15 gold pieces
  6134 | D:9      | Reached *** piety under the Shining One
  6311 | D:9      | Got a crystal hand axe
  6312 | D:9      | Identified the cursed +3 hand axe of Optimality {freeze,
                  | rF+} (You found it on level 9 of the Dungeon)
  6367 | D:10     | Entered Level 10 of the Dungeon
  6553 | D:10     | Found a runed translucent door.
  6553 | D:10     | Noticed an angel
  6635 | D:10     | Found a glowing silver altar of Zin.
  6695 | D:10     | Reached skill level 4 in Throwing
  7140 | D:11     | Noticed an unseen horror
  7146 | D:11     | Killed an unseen horror
  7219 | D:11     | Reached **** piety under the Shining One
  7424 | D:11     | Reached skill level 5 in Throwing
  7450 | D:11     | Noticed a two-headed ogre
  7458 | D:11     | Killed a two-headed ogre
  7882 | D:11     | Reached skill level 6 in Throwing
  8033 | D:12     | Reached XP level 12. HP: 91/122 MP: 8/11
  8672 | D:12     | Reached skill level 7 in Throwing
  8904 | D:13     | Noticed a fire dragon
  8904 | D:13     | Noticed a tengu warrior
  8923 | D:12     | Killed a fire dragon
  9007 | D:13     | Noticed an eight-headed hydra
  9024 | D:12     | Killed a tengu warrior
  9169 | Orc:1    | Entered Level 1 of the Orcish Mines
  9169 | Orc:1    | Noticed an orc high priest
  9193 | D:9      | Killed an orc high priest
  9213 | Orc:1    | Reached ***** piety under the Shining One
  9222 | Orc:1    | Reached skill level 8 in Throwing
  9398 | Orc:1    | Paralysed by an orc sorcerer for 5 turns
  9409 | D:9      | Paralysed by an orc sorcerer for 6 turns
  9518 | Orc:1    | Reached skill level 10 in Fighting
  9707 | Orc:2    | Entered Level 2 of the Orcish Mines
  9707 | Orc:2    | Found Wous's Food Shoppe.
  9809 | Orc:2    | Noticed an ogre mage
  9811 | Orc:2    | Noticed a two-headed ogre
  9813 | Orc:2    | Noticed a two-headed ogre
  9826 | Orc:1    | Killed an ogre mage
  9828 | Orc:1    | Killed a two-headed ogre
  9828 | Orc:1    | Reached skill level 9 in Throwing
  9939 | Orc:2    | Killed a two-headed ogre
  9942 | Orc:2    | Noticed an ogre mage
  9952 | Orc:2    | Killed an ogre mage
  9952 | Orc:2    | Noticed a two-headed ogre
  9958 | Orc:2    | Killed a two-headed ogre
  9958 | Orc:2    | Reached XP level 13. HP: 135/135 MP: 10/12
 10150 | Orc:2    | Found a staircase to the Elven Halls.
 10400 | Orc:2    | Reached skill level 10 in Throwing
 10434 | Orc:2    | Found Uteamepnee's Gadget Emporium.
 10434 | Orc:2    | Found Pynem's Book Boutique.
 10435 | Orc:2    | Found Xomutzi's Weapon Boutique.
 10435 | Orc:2    | Found Etreng's Book Shoppe.
 10691 | Orc:1    | Noticed Sonja
 11097 | Orc:1    | Killed Sonja
 11335 | Lair:1   | Entered Level 1 of the Lair of Beasts
 11572 | Lair:1   | Found a frozen archway.
 11582 | IceCv    | Entered an ice cave
 11709 | IceCv    | Reached skill level 11 in Throwing
 12884 | Lair:2   | Found a snail-covered altar of Cheibriados.
 14000 | Lair:3   | Reached ****** piety under the Shining One
 14008 | Lair:3   | Reached XP level 14. HP: 138/149 MP: 13/13
 14024 | Lair:3   | Reached skill level 12 in Throwing
 15208 | Lair:4   | Found a staircase to the Shoals.
 15407 | Lair:4   | Found a hole to the Spider Nest.
 15706 | Lair:4   | Found a runed translucent gate.
 15768 | Lair:4   | Found a runed translucent gate.
 15769 | Lair:4   | Found a runed translucent gate.
 15771 | Lair:4   | Noticed Curus's ghost (journeyman DsGl)
 15790 | Lair:4   | Killed Curus's ghost
 16101 | Spider:1 | Entered Level 1 of the Spider Nest
 16456 | Lair:5   | Reached skill level 13 in Throwing
 16638 | Lair:5   | Noticed Thalamas's ghost (journeyman MiBe)
 16641 | Lair:5   | Found a runed translucent door.
 17581 | Lair:5   | Noticed Nessos
 17592 | Lair:5   | HP: 5/149 [Nessos/arrow (6)]
 17592 | Lair:5   | Shot with an arrow by Nessos

Levels and vault maps discovered:
D:1:      evilmike_arrival_plus, layout_basic, hangedman_decor_peaks_small
D:2:      layout_loops_ring, minmay_misc_feat_rugged
D:3:      layout_basic, first_ration, serial_rivers,
          chequers_serial_rivers_micro_a, chequers_serial_rivers_micro_a,
          chequers_serial_rivers_small_b, chequers_serial_rivers_large_b
D:4:      layout_basic, glass_columns_a, minmay_circle_x,
          uniq_crazy_yiuf_cottage, uniq_pikel
D:5:      layout_basic
D:6:      layout_loops_ring, marbit_many_paths, minmay_temple_entry_ruins,
          uniq_sigmund, uniq_prince_ribbit1
D:7:      layout_rooms, minmay_alternating_orb
D:8:      layout_basic, lair_entry_dummy
D:9:      layout_irregular_city, kennysheep_orc_monster_closet_entryway,
          serial_shops, nicolae_shop_behind_doors, hangedman_pestilent_swarm,
          minmay_hollow_rounded_squares
D:10:     layout_cave_pools, glass_columns_c, minivault_25_ag,
          lemuel_angel_altar
D:11:     layout_basic
D:12:     layout_long_grid
D:13:     minmay_strange_plus, layout_irregular_city, david_vaults_4,
          fake_guardian_serpent_vault
Temple:   grunt_wide_crystal_templ
Lair:1:   layout_roguey, portal_ice_cave_rime, grunt_megastairs_3
Lair:2:   layout_regular_city, basic_altar
Lair:3:   layout_cave_pods, serial_bayou_pond_c
Lair:4:   layout_regular_city, shoals_dummy_entry, spider_nest_entry_rubble,
          ebering_ghost_rock_garden, minmay_hedge_maze
Lair:5:   layout_regular_city, ebering_ghost_inner_flame, grunt_megastairs_2,
          lemuel_fruit_tree, uniq_nessos
Spider:1: layout_spider_delve
Orc:1:    layout_caves, uniq_sonja
Orc:2:    st_orc_ogre_mass, layout_caves, serial_shops,
          nicolae_shop_window_shopping

Skill      XL: |  1  2  3  4  5  6  7  8  9 10 11 12 13 14 |
---------------+-------------------------------------------+-----
Shields        | 3 4 5 6 8 9 |  9.0
Unarmed Combat | 3 5 6 7 9 10 12 | 12.8
Fighting       | 3 4 5 6 8 10 12 | 12.0
Throwing       | 3 6 9 11 13 | 13.2
Dodging        | |  2.4

Action                   |  1- 3 |  4- 6 |  7- 9 | 10-12 | 13-15 || total
-------------------------+-------+-------+-------+-------+-------++-------
Melee: Unarmed           |   102 |   110 |   370 |   590 |   558 ||  1730
       Spear             |       |       |       |    77 |       ||    77
Throw: Boomerang         |       |       |       |    40 |   151 ||   191
       Large rock        |       |       |       |       |     5 ||     5
  Use: Scroll            |       |       |     6 |     7 |     3 ||    16
       Potion            |       |       |     2 |       |     1 ||     3
  Eat: Chunk             |    12 |    12 |    28 |    55 |    63 ||   170
Armor: Robe              |    22 |    34 |    62 |     9 |    61 ||   188
       Skin              |       |       |     7 |       |     8 ||    15
       Steam dragon scal |       |       |       |   173 |    68 ||   241
Dodge: Dodged            |    35 |    34 |    97 |   198 |   182 ||   546
Block: Shield            |    44 |    45 |   135 |   374 |   297 ||   895
       Large shield      |       |       |       |       |    13 ||    13
